 Dungeon Crawl Stone Soup version 0.20-b1 (webtiles) character file.

895 theElss the Basher (level 7, -3/64 HPs)
             Began as a Minotaur Berserker on May 19, 2017.
             Was a Priest of Trog.
             Slain by an orc warrior
             ... wielding a cursed -3 mace
              (20 damage)
             ... on level 5 of the Dungeon.
             The game lasted 00:11:40 (4621 turns).

theElss the Basher (Minotaur Berserker)             Turns: 4621, Time: 00:11:41

Health: -3/64      AC:  3    Str: 23    XL:     7   Next: 78%
Magic:  6/6        EV:  9    Int:  4    God:    Trog [***...]
Gold:   219        SH:  7    Dex: 10    Spells: 6/6 levels left

rFire    . . .     SeeInvis .   C - +1 morningstar (holy)
rCold    . . .     Gourm    .   E - +0 shield
rNeg     . . .     Faith    .   e - +0 leather armour
rPois    .         Spirit   .   (helmet restricted)
rElec    .         Reflect  .   (no cloak)
rCorr    .         Harm     .   (no gloves)
MR       .....                  (no boots)
Stlth    ++........             (no amulet)
Regen    0.2/turn               p - ring of stealth
MPRegen  0.1/turn               (no ring)

@: no status effects
A: retaliatory headbutt, horns 2
a: Berserk, Trog's Hand, Burn Spellbooks, Renounce Religion


You were on level 5 of the Dungeon.
You worshipped Trog.
Trog was most pleased with you.
You were near starving.

You visited 1 branch of the dungeon, and saw 5 of its levels.

You collected 219 gold pieces.

Inventory:

Hand Weapons
 C - a +1 morningstar of holy wrath (weapon)
Armour
 b - a +0 animal skin
 e - a +0 leather armour (worn)
 E - a +0 shield (worn)
Jewellery
 p - a ring of stealth (left hand)
Wands
 x - a wand of flame (28/48)
Scrolls
 a - a scroll of remove curse {unknown}
 f - 4 scrolls of teleportation {unknown}
 g - a scroll of random uselessness {unknown}
 j - 9 scrolls of identify {unknown}
 k - a scroll of enchant armour {unknown}
 m - 2 scrolls of amnesia {unknown}
 D - a scroll of blinking {unknown}
Potions
 d - 3 potions of heal wounds {unknown}
 h - a potion of invisibility {unknown}
 i - 2 potions of degeneration {unknown}
 l - 3 potions of flight {unknown}
 o - a potion of brilliance {unknown}
 q - a potion of agility {unknown}
 r - 3 potions of haste {unknown}
 s - 2 potions of magic {unknown}
 t - 5 potions of mutation {unknown}
 u - 3 potions of cancellation {unknown}
 v - a potion of curing
 z - a potion of might {unknown}
 B - a potion of lignification {unknown}
Books
 w - a book of Maledictions

   Spells                             Type                      Level
   a - Corona                         Hexes                        1
   b - Ensorcelled Hibernation        Hexes/Ice                    2
   c - Confuse                        Hexes                        3
   d - Tukima's Dance                 Hexes                        3
   e - Dazzling Spray                 Conjuration/Hexes            3
   Trog disapproves of the use of such an item.
 y - a book of Frost

   Spells                             Type                      Level
   a - Freeze                         Ice                          1
   b - Throw Frost                    Conjuration/Ice              2
   c - Ozocubu's Armour               Charms/Ice                   3
   d - Throw Icicle                   Conjuration/Ice              4
   e - Summon Ice Beast               Ice/Summoning                4
   Trog disapproves of the use of such an item.
Comestibles
 c - 6 bread rations
 n - 2 meat rations
 A - 2 royal jellies


   Skills:
 + Level 6.7 Fighting
 + Level 8.8 Maces & Flails
 + Level 4.7 Armour
 - Level 2.1 Dodging


You had 6 spell levels left.
You didn't know any spells.

Dungeon Overview and Level Annotations

Branches:
Dungeon (5/15)             Temple (0/1) D:4

Altars:
Fedhas
Nemelex Xobeh

Shops:
D:4 [

Annotations:
D:5 1 runed door


Innate Abilities, Weirdness & Mutations

You reflexively headbutt those who attack you in melee.
You have a pair of horns on your head.


Message History

The orc priest invokes the aid of Beogh against you.
Beogh smites you! The orc warrior closely misses you.
The orc hits you with a flail.
You barely miss the orc warrior. Your headbutt misses the orc warrior.
The orc warrior hits you with a mace. You block the orc's attack.
You closely miss the orc warrior. Your headbutt misses the orc warrior.
The orc warrior hits you with a mace. The orc hits you with a flail.
An orc comes into view. It is wielding a mace.
Unknown command.
You're too hungry.
Unknown command.
You closely miss the orc warrior.
The orc shouts!
The orc warrior hits you with a mace!!
* * * LOW HITPOINT WARNING * * *
The orc hits you with a flail.
* * * LOW HITPOINT WARNING * * *
The orc priest casts a cantrip, but nothing happens.
You closely miss the orc warrior. The orc warrior hits you with a mace!!
You die...

.#.#.#.#.#.#.#.######.
#.#.#.#.#.#.#.#######+#####
.#.#.#.#.#.#.#............#
#.#.#.#.#.#.#.#...........#
.#.#.#.#.#.#.#............#
#.#.#.#.#.#.#.#...........#
.#.#.#.#.#.#.#............#
#.#.#.#.#.#.#.#.o.........#
.#.#.#.#.#.#.#.o@.........#
#.#.#.#.#.#.#.#...........#
.#.#.#.#.#.#.#............#
#.#.#.#.#.#.#.##........###
.#.#.#.#.#.#o#.#........#
#.#.#.#.#.#o#.##........#
.#.#.#.#.#.#.#.######'###
#.#.#.#.#.#.#.#######.#
.#.#.#.#.#.#.#........####


You could see an orc warrior, an orc priest and 2 orcs.

Vanquished Creatures
  The ghost of Haldmier the Chiller, an amateur BaIE (D:4)
  A phantom (D:5)
  An ogre (D:4)
  2 howler monkeys
  A crimson imp (D:5)
  A hound (D:4)
  2 bullfrog skeletons
  An orc priest (D:4)
  2 orc wizards
  2 iguanas
  2 worker ants (D:4)
  A hound skeleton (D:5)
  A worker ant zombie (D:5)
  3 adders
  7 gnolls
  An adder zombie (D:4)
  4 worms
  2 dart slugs
  15 orcs
  5 ball pythons
  2 giant cockroaches
  6 goblins
  7 hobgoblins
  5 jackals
  12 kobolds
  2 quokkas (D:2)
  6 bats
  7 frilled lizards
  A leopard gecko skeleton (D:4)
  4 rats
107 creatures vanquished.

Vanquished Creatures (others)
  2 plants (D:4)
2 creatures vanquished.

Grand Total: 109 creatures vanquished

Notes
Turn   | Place    | Note
-------+----------+-------------------------------------------
     0 | D:1      | theElss the Minotaur Berserker began the quest for the Orb.
     0 | D:1      | Reached XP level 1. HP: 19/19 MP: 0/0
   349 | D:1      | Reached skill level 4 in Maces & Flails
   441 | D:1      | Reached XP level 2. HP: 22/27 MP: 1/1
  1043 | D:1      | Reached ** piety under Trog
  1181 | D:1      | Reached XP level 3. HP: 21/34 MP: 2/2
  1447 | D:2      | Reached XP level 4. HP: 40/41 MP: 3/3
  1495 | D:2      | Found a sparkling altar of Nemelex Xobeh.
  1517 | D:2      | Found a faded altar of an unknown god.
  1837 | D:3      | Reached skill level 5 in Maces & Flails
  1872 | D:3      | Found a blossoming altar of Fedhas.
  2175 | D:3      | Reached *** piety under Trog
  2459 | D:4      | Noticed an ogre
  2700 | D:4      | Found a staircase to the Ecumenical Temple.
  2704 | D:4      | Reached skill level 5 in Fighting
  2704 | D:4      | Reached XP level 5. HP: 42/48 MP: 4/4
  2714 | D:4      | Noticed Haldmier's ghost (amateur BaIE)
  2730 | D:4      | Killed Haldmier's ghost
  2730 | D:4      | Reached skill level 6 in Maces & Flails
  2730 | D:4      | Reached XP level 6. HP: 37/56 MP: 5/5
  3137 | D:4      | Reached skill level 7 in Maces & Flails
  3342 | D:4      | Reached XP level 7. HP: 31/63 MP: 6/6
  3476 | D:4      | Found Lucowitu's Antique Armour Shoppe.
  3881 | D:5      | Entered Level 5 of the Dungeon
  4026 | D:5      | Reached skill level 8 in Maces & Flails
  4241 | D:5      | Found a runed door.
  4621 | D:5      | Slain by an orc warrior

Skill      XL: |  1  2  3  4  5  6  7 |
---------------+----------------------+-----
Maces & Flails | 4 5 6 7 8 |  8.8
Fighting       | 4 5 6 |  6.7
Armour         | 3 4 |  4.7
Dodging        | |  2.1

Action                   |  1- 3 |  4- 6 |  7- 9 || total
-------------------------+-------+-------+-------++-------
Melee: Mace              |    72 |   111 |    14 ||   197
       Headbutt          |     5 |    13 |    12 ||    30
       Morningstar       |       |       |    54 ||    54
Invok: Berserk           |     1 |     3 |     1 ||     5
       Trog's Hand       |       |     1 |     1 ||     2
  Eat: Chunk             |     3 |     8 |     4 ||    15
Armor: Leather armour    |    15 |    24 |     2 ||    41
Dodge: Dodged            |    47 |    87 |    41 ||   175
Block: Shield            |       |       |     2 ||     2
